[Event "*** SCC Grand Prix: Titled Tuesday Blitz"]
[Site "Chess.com"]
[Date "2020.08.11"]
[Round "3"]
[White "XDPS"]
[Black "VerdeNotte"]
[Result "0-1"]
[WhiteElo "2651"]
[BlackElo "2884"]
[TimeControl "180+1"]
[EndTime "10:30:29 PDT"]
[Termination "VerdeNotte won on time"]

1. e4 c5 2. Nf3 g6 3. d4 cxd4 4.
Nxd4 Nc6 5. Nc3 Bg7 6. Be3 Nf6 7.
Be2 O-O 8. O-O d5 9. exd5 Nxd5 10. Nxd5 Qxd5 11. Bf3 Qa5 12. Nxc6 bxc6 13. c3 Rb8 14.
Qc1 c5 15. Re1 Be6 16. a3 c4 17. Qc2 Bf5 18. Qc1 Rfd8 19. Bg5 Bf6 20. Bxf6 exf6 21.
Be2 Bd3 22. Bxd3 cxd3 23. b4 Qc7 24. Qd2 Rbc8 25. Rac1 Qc4 26. Re3 h5 27. g3 Rd6 28.
Rf3 Qe4 29. Re3 Qc4 30. Rf3 Re8 31. Rd1 Re2 32. Qf4 Qxf4 33. Rxf4 Rc2 34. Rd4 Rxd4 35. cxd4 d2 36. Kg2 Kf8 37. Kf3 f5 38. Kf4 Ke7 39.
a4 Kd6 40. Ke3 Rc4 41. Rxd2 Rxb4 42. Ra2 Kd5 43. Rc2 Rxd4 44. Rc7 Rxa4 45. Rxf7 Re4+ 46. Kf3 a5 47. Ra7 a4 48. h4 Kc5 49. Ra6 Kb5 50.
Rxg6 a3 51. Rg5 Ra4 52. Rxf5+ Kb4 53. Rf4+ Kb3 54. Re4 Rxe4 0-1

[Event "*** SCC Grand Prix: Titled Tuesday Blitz"]
[Site "Chess.com"]
[Date "2020.08.11"]
[Round "3"]
[White "frederiksvane"]
[Black "Sanyura"]
[Result "1-0"]
[WhiteElo "2596"]
[BlackElo "2382"]
[TimeControl "180+1"]
[EndTime "10:30:31 PDT"]
[Termination "frederiksvane won by checkmate"]

1. e4 c5 2. Nf3 e6 3. d4 cxd4 4. Nxd4 Nf6 5. Nc3 Nc6 6. Ndb5 Bc5 7. Nd6+ Ke7 8. Bf4 e5 9. Nf5+ Kf8 10. Be3 Bb4 11. Bd3 d5 12. exd5 Nxd5 13. O-O Bxf5 14. Bxf5 Nxe3 15. fxe3 Bxc3 16. bxc3 f6 17. Be4 Qxd1 18.
Rfxd1 Ke7 19. Rab1 Rab8 20. Rb5 Rhd8 21. Rxd8 Nxd8 22.
Bxh7 b6 23. a4 Rc8 24. a5 Rxc3 25. axb6 axb6 26. Rxb6 Rxe3 27. Bd3 Re1+ 28. Kf2 Rc1 29. h4 Ne6 30. Rb7+ Kd6 31. Bf5 Nd4 32. Bg6 f5 33.
Rxg7 Rxc2+ 34. Kg3 e4 35. Rg8 Ke5 36. h5 f4+ 37.
Kh3 Rc3+ 38. Kh2 f3 39. h6 f2 40. h7 f1=Q 41. h8=Q+ Qf6 42. Re8+ Ne6 43. Qh5+ Kd4 44. Bf5 Qe5+ 45. Kg1 Rc1+ 46. Kf2 Qf4+ 47. Qf3 e3+ 48. Ke2 Rc2+ 49. Kd1 Rd2+ 50. Ke1 Qxf3 51. gxf3 Nf4 52. Re4+ Kc3 53. Rxf4 Rf2 54. Bg4 Kd3 55. Rf8 Re2+ 56. Kf1 Rf2+ 57. Kg1 Rb2 58. Rd8+ Ke2 59. f4+ Ke1 60.
Rd1# 1-0

[Event "*** SCC Grand Prix: Titled Tuesday Blitz"]
[Site "Chess.com"]
[Date "2020.08.11"]
[Round "3"]
[White "mohssenbinaddi"]
[Black "Fischerev7"]
[Result "0-1"]
[WhiteElo "2188"]
[BlackElo "2417"]
[TimeControl "180+1"]
[EndTime "10:30:31 PDT"]
[Termination "Fischerev7 won by checkmate"]

1. Nf3 d5 2. g3 Nf6 3. d4 c5 4. c4 dxc4 5. Qa4+ Nc6 6. dxc5 Qa5+ 7. Nc3 Qxa4 8. Nxa4 e5 9. Be3 Bd7 10. O-O-O Ng4 11.
Bh3 h5 12. Ng5 Bf5 13. Bxg4 hxg4 14. f3 f6 15. Ne4 Bxe4 16. fxe4 Rd8 17. Rxd8+ Kxd8 18.
Rd1+ Kc7 19. Bg1 Be7 20. Nc3 Kc8 21. Nd5 Bd8 22. Ne3 Nd4 23. Rd2 Ba5 24. Nxc4 Bxd2+ 25. Kxd2 Kc7 26. b4 Kc6 27. a4 b6 28. cxb6 axb6 29. b5+ Kb7 30. Kd3 Rd8 31. Bxd4 Rxd4+ 32. Kc3 Kc7 33. a5 bxa5 34. b6+ Kc6 35. e3 Rxe4 36. b7 Rxc4+ 37. Kxc4 Kxb7 38. Kb5 Kc7 39. Kxa5 Kc6 40. Kb4 Kd5 41. Kc3 Ke4 42. Kd2 Kf3 43. Kd3 f5 44.
e4 fxe4+ 45. Kd2 Kf2 46. h4 gxh3 47. g4 h2 48. g5 e3+ 49. Kc3 e2 50. Kc4 e1=Q 51.
Kd5 h1=Q+ 52. Ke6 Qc6+ 53. Kf7 Qd7+ 54. Kg6 Qb4 55. Kh7 Qbb7 56. g6 Qh3+ 57. Kg8 Qbc8+ 58. Kxg7 Qhd7+ 59. Kh6 Qcc6 60. Kh5 Qh3+ 61. Kg5 Qg3+ 62. Kh6 Qcxg6# 0-1

[Event "*** SCC Grand Prix: Titled Tuesday Blitz"]
[Site "Chess.com"]
[Date "2020.08.11"]
[Round "3"]
[White "c_r_e_e_p_e_r"]
[Black "DFeco"]
[Result "0-1"]
[WhiteElo "2346"]
[BlackElo "2178"]
[TimeControl "180+1"]
[EndTime "10:30:31 PDT"]
[Termination "DFeco won by checkmate"]

1. e4 e5 2. Nf3 Nc6 3. Bb5 g6 4. O-O Bg7 5. d4 exd4 6. c3 d3 7. Bg5 Bf6 8. Bf4 d6 9. Qxd3 Bd7 10. Nbd2 Bg7 11. Bg5 Bf6 12. Bf4 Bg7 13. Nc4 Nge7 14. Ne3 O-O 15. Nd5 Nxd5 16. exd5 Ne5 17. Nxe5 dxe5 18. Bxd7 Qxd7 19. Be3 f5 20. Bc5 Rf7 21. c4 e4 22. Qd2 f4 23. Rae1 Re8 24. Qc2 Qf5 25. f3 e3 26. Qxf5 Rxf5 27. b3 b6 28. g4 fxg3 29. Bxe3 Rxe3 30. Rxe3 Bd4 31. hxg3 Bxe3+ 32.
Kg2 Bd4 33. f4 Rf7 34. Re1 Kf8 35. Re4 Bc5 36. Kf3 Re7 37. g4 Rxe4 38. Kxe4 Ke7 39. Ke5 Bd6+ 40. Ke4 h5 41. f5 gxf5+ 42. Kxf5 h4 43. Ke4 h3 44. Kf3 h2 45. Kg2 Kf6 46.
a3 Kg5 47. b4 Kxg4 48. a4 a5 49. bxa5 bxa5 50. c5 Bxc5 51. Kxh2 Kf4 52. Kg2 Ke5 53. Kf1 Kxd5 54. Ke2 Kc4 55. Kd1 Kb4 56. Kc2 Kxa4 57. Kb1 Kb3 58. Ka1 a4 59. Kb1 a3 60. Kc1 Bd4 61. Kd1 a2 62. Ke1 a1=Q+ 63. Ke2 Qc3 64. Kd1 Qd3+ 65. Ke1 Qc2 66. Kf1 Qf2# 0-1

[Event "*** SCC Grand Prix: Titled Tuesday Blitz"]
[Site "Chess.com"]
[Date "2020.08.11"]
[Round "3"]
[White "eightbyeightchess"]
[Black "slavenok"]
[Result "1-0"]
[WhiteElo "2451"]
[BlackElo "2712"]
[TimeControl "180+1"]
[EndTime "10:30:32 PDT"]
[Termination "eightbyeightchess won by checkmate"]

1. e4 c5 2. Nf3 a6 3. d4 cxd4 4.
Nxd4 Nf6 5. Nc3 e5 6. Nb3 Bb4 7.
Bc4 O-O 8. O-O h6 9. Bd5 d6 10. f4 Bg4 11. Qe1 Nxd5 12. exd5 Nd7 13. Qg3 f5 14. h3 Bh5 15. fxe5 Nxe5 16. Bxh6 Qd7 17. Kh1 Rac8 18. Nd4 Kh7 19. Bf4 Rce8 20. Ne6 Kg8 21.
Nxf8 Rxf8 22. Bxe5 dxe5 23. Qh4 Bxc3 24. bxc3 Bg6 25.
c4 f4 26. Rae1 Rf5 27. Qg4 Bh5 28. Qh4 Bg6 29. Qf2 Rh5 30. Kh2 Kh7 31. Qd2 b6 32.
d6 Rf5 33. Re2 Rf6 34. Rxe5 Rxd6 35. Qxf4 Rd4 36. Qg3 Qd6 37. Rg5 Qxg3+ 38. Rxg3 Rxc4 39. Rb3 b5 40. Ra3 Rc6 41. Re1 Rd6 42. Rc1 Rc6 43.
g4 Bf7 44. Kg3 Bc4 45. Re3 b4 46. a3 a5 47. axb4 axb4 48. Rb1 Rb6 49. Re4 Rc6 50.
Rxb4 Bd5 51. Re2 Rc3+ 52. Kh2 Bf3 53. Rf2 Bd1 54. Rbf4 Bxc2 55. h4 Bg6 56. h5 Be8 57. R2f3 Rc2+ 58. Kg3 Rc5 59. Re3 Bc6 60. Re7 Bd5 61. g5 Rc3+ 62. Kh4 Bg2 63. Rff7 Rc4+ 64. Kg3 Bd5 65. Rxg7+ Kh8 66. h6 Rc3+ 67. Kf2 Rc2+ 68.
Ke1 Rc8 69. Rh7+ Kg8 70. Reg7+ Kf8 71. Rh8+ Bg8 72. Rhxg8# 1-0

[Event "*** SCC Grand Prix: Titled Tuesday Blitz"]
[Site "Chess.com"]
[Date "2020.08.11"]
[Round "3"]
[White "killer311"]
[Black "vinniethepooh"]
[Result "1-0"]
[WhiteElo "2444"]
[BlackElo "2685"]
[TimeControl "180+1"]
[EndTime "10:30:32 PDT"]
[Termination "killer311 won by checkmate"]

1. d4 Nf6 2. c4 e6 3. Nc3 Bb4 4. Bd2 O-O 5. e3 b6 6. Nf3 Bb7 7. Bd3 c5 8. O-O cxd4 9. exd4 Re8 10. Rc1 d5 11. cxd5 exd5 12. Ne5 Nbd7 13. f4 Bxc3 14. Bxc3 Ne4 15. Bb5 Nxe5 16. Bxe8 Nc4 17. Bb5 Ne3 18. Qd3 Nxf1 19. Rxf1 Rc8 20. Ba4 Bc6 21. Bb3 Qd7 22. Rc1 Re8 23. Qf3 f5 24. Be1 Kh8 25. Bh4 Bb7 26.
Re1 Rc8 27. h3 Qf7 28. Kh2 h6 29. Qe3 Qc7 30. a3 Kh7 31. Bg3 Qc6 32. Qd3 Qg6 33. Bh4 Qh5 34. Bg3 Qe8 35. Qe3 Qg6 36. Qd3 Ba6 37.
Qe3 Bc4 38. Bc2 Re8 39. Bxe4 Rxe4 40. Qf2 Qe6 41. Rxe4 Qxe4 42. Bh4 Qd3 43. Be7 Qe4 44.
Bd6 Qe6 45. Be5 Qg6 46. b4 a5 47. bxa5 bxa5 48. Qd2 a4 49. Qf2 h5 50. Qc2 h4 51. Qf2 Qh5 52. Qc2 Be2 53. Qxa4 Bd3 54. Qa7 Qg6 55. Qe7 Be4 56. Qxh4+ Kg8 57. Qd8+ Kh7 58.
Qh4+ Kg8 59. Qg3 Qa6 60. Qxg7# 1-0

[Event "*** SCC Grand Prix: Titled Tuesday Blitz"]
[Site "Chess.com"]
[Date "2020.08.11"]
[Round "3"]
[White "Aygehovit1992"]
[Black "Gerodot71"]
[Result "1-0"]
[WhiteElo "2609"]
[BlackElo "2398"]
[TimeControl "180+1"]
[EndTime "10:30:32 PDT"]
[Termination "Aygehovit1992 won by resignation"]

1. e4 e5 2. Nf3 Nc6 3. Bb5 a6 4.
Ba4 Nf6 5. d4 exd4 6. O-O Be7 7.
e5 Ne4 8. Nxd4 Nc5 9. Nc3 Nxa4 10. Nxa4 O-O 11. Re1 d6 12. Nxc6 bxc6 13. Bf4 Be6 14. b3 Re8 15. Qd3 dxe5 16. Bxe5 Qxd3 17. cxd3 Bd6 18. d4 f6 19. Bxd6 cxd6 20. f3 Kf7 21. Kf2 Rab8 22. Rac1 Bd5 23. Rxe8 Kxe8 24. Ke3 Kd7 25.
h4 Re8+ 26. Kd3 Bf7 27. Kd2 Bg6 28. Nb6+ Kc7 29. Nd5+ Kb7 30. Nf4 Bf7 31. Ne2 Kb6 32. Ng3 g6 33. Rh1 Bd5 34. h5 g5 35. h6 a5 36. Nh5 Rf8 37. Re1 Rf7 38. Re8 Ra7 39. Nxf6 a4 40. Nxd5+ cxd5 41. b4 Kb5 42. a3 Kc4 43.
Rg8 Kb3 44. Rg7 Ra8 45. Rxh7 Kxa3 46. Rg7 Kb2 47. h7 Rh8 48. Ra7 a3 49. b5 a2 50.
b6 Rxh7 51. b7 Rxb7 52. Rxb7+ Ka1 53. Ra7 Kb1 54. g3 g4 55. fxg4 a1=Q 56. Rxa1+ 1-0

[Event "*** SCC Grand Prix: Titled Tuesday Blitz"]
[Site "Chess.com"]
[Date "2020.08.11"]
[Round "3"]
[White "hongnhung1234"]
[Black "VincentKeymer"]
[Result "1-0"]
[WhiteElo "2251"]
[BlackElo "2870"]
[TimeControl "180+1"]
[EndTime "10:30:33 PDT"]
[Termination "hongnhung1234 won by resignation"]

1. e4 c6 2. d4 d5 3. f3 Nf6 4. Nc3 e6 5. Bf4 Nh5 6. Be3 g6 7. Bd3 b6 8. Qe2 Bb4 9. exd5 cxd5 10. Bh6 Nc6 11. O-O-O Bxc3 12. bxc3 Qe7 13. g4 Nf6 14. h4 Bd7 15. Nh3 Na5 16. Kb2 Rc8 17. Nf4 Qd6 18.
Bb5 Qc7 19. Bxd7+ Kxd7 20. Rd3 Rhe8 21. Bg5 Ng8 22. h5 f6 23. hxg6 hxg6 24. Nxg6 fxg5 25. Rh7+ Ne7 26. Ne5+ Kd6 27. Nf7+ Kc6 28. Qxe6+ Kb7 29.
Ne5 Nc4+ 30. Nxc4 dxc4 31. Re3 Qc6 32. Rxe7+ Rxe7 33. Qxe7+ Ka8 34. Qxg5 Qa4 35. Qd5+ Kb8 36. Re7 Qa6 37. Qd6+ Ka8 38. Qd5+ Kb8 39. g5 b5 40. Qe5+ Ka8 41. Re6 Qa5 42. Qd5+ Kb8 43. Re7 Qa6 44. g6 b4 45. Qe5+ Ka8 46. cxb4 c3+ 47. Kb1 Qf1+ 48. Qe1 Qc4 49. Qe4+ Rc6 50. Re8+ Kb7 51. Qe7+ Ka6 52. g7 Qf1+ 53. Qe1 Qb5 54. a3 Qa4 55. Qe2+ Kb6 56. Ka2 Rg6 57. g8=Q Rxg8 58. Rxg8 Qd7 59. Rg6+ Kc7 60. Re6 Qd5+ 61. Kb1 Qxd4 62. Qe5+ Qxe5 63. Rxe5 1-0

[Event "*** SCC Grand Prix: Titled Tuesday Blitz"]
[Site "Chess.com"]
[Date "2020.08.11"]
[Round "3"]
[White "AldokhinIvan"]
[Black "DrVelja"]
[Result "0-1"]
[WhiteElo "2524"]
[BlackElo "2771"]
[TimeControl "180+1"]
[EndTime "10:30:34 PDT"]
[Termination "DrVelja won on time"]

1. e4 c5 2. Nf3 d6 3. d4 cxd4 4. Nxd4 Nf6 5. Nc3 a6 6. Bg5 e6 7. Qd2 Nbd7 8. O-O-O Qc7 9. Kb1 b5 10. f3 Bb7 11. Bd3 b4 12. Nce2 d5 13. Ng3 Bd6 14.
Ngf5 exf5 15. Nxf5 O-O-O 16. Nxd6+ Qxd6 17. Bf4 Qb6 18. e5 Ne8 19. Bf5 Nc7 20. Rc1 Ne6 21. Bg3 Kb8 22.
c3 bxc3 23. Rxc3 Rc8 24. Rb3 Qc6 25. a3 Ndc5 26. Rb4 a5 27. Rg4 Nb3 28. Qe3 a4 29. Bf2 d4 30. Qe1 Rhd8 31. Bd3 Nec5 32. Bc4 Qd7 33.
e6 fxe6 34. Bg3+ Ka8 35. Rg5 Bd5 36. Be2 d3 37. Bd1 Qb7 38. Qe3 d2 39. Be2 Ne4 40. fxe4 Bxe4+ 41. Ka2 Nc1+ 42. Rxc1 dxc1=N+ 43. Ka1 Nb3+ 44. Ka2 Nc1+ 45. Ka1 Bd5 46. Kb1 Nb3 47. Qd4 Rc1+ 0-1

[Event "*** SCC Grand Prix: Titled Tuesday Blitz"]
[Site "Chess.com"]
[Date "2020.08.11"]
[Round "3"]
[White "dretch"]
[Black "ShahMatKanal"]
[Result "1-0"]
[WhiteElo "2788"]
[BlackElo "2446"]
[TimeControl "180+1"]
[EndTime "10:30:34 PDT"]
[Termination "dretch won by resignation"]

1. d4 d5 2. c4 e6 3. Nc3 Nf6 4. cxd5 exd5 5. Bg5 c6 6. Qc2 h6 7. Bh4 Na6 8. a3 Be7 9. e3 Nc7 10. Bd3 O-O 11. Nf3 Nh5 12. Bxe7 Qxe7 13. O-O Nf6 14. Rae1 Ne6 15. b4 a5 16. Rb1 axb4 17. axb4 Ng5 18.
Ne5 Nge4 19. Na4 Nd6 20. Nb6 Ra3 21. Ra1 Rxa1 22. Rxa1 Nd7 23. Nbxd7 Bxd7 24. Ra7 Rb8 25. h3 Nc8 26. Ra1 Be8 27. Qc5 f6 28. Nf3 Bd7 29. Qc3 Nd6 30. Qc5 Nc8 31. Nh4 Qxc5 32. bxc5 b6 33.
cxb6 Nxb6 34. Nf5 Bxf5 35. Bxf5 Rb7 36. Ra6 Kf7 37. h4 g6 38. Bd3 Ke7 39. Bxg6 Kd6 40.
h5 Nc4 41. Be8 Rb6 42. Rxb6 Nxb6 43. Kh2 Nc4 44. Kg3 Na5 45. Bg6 c5 46. dxc5+ Kxc5 47. Kf4 Kd6 48. Kf5 Ke7 49. Bh7 Nc4 50. Bg8 Nd6+ 51. Kg6 Ne4 52. Bxd5 Nxf2 53. Kxh6 Ng4+ 54. Kg7 Nxe3 55. Be4 f5 56. Bf3 f4 57. h6 Nf5+ 58.
Kg6 Nxh6 59. Kxh6 Kf6 60. Kh5 Kf5 61. Kh4 Ke5 62. Kg4 1-0

[Event "*** SCC Grand Prix: Titled Tuesday Blitz"]
[Site "Chess.com"]
[Date "2020.08.11"]
[Round "3"]
[White "TargetA"]
[Black "googlegoom"]
[Result "1-0"]
[WhiteElo "2598"]
[BlackElo "2386"]
[TimeControl "180+1"]
[EndTime "10:30:36 PDT"]
[Termination "TargetA won on time"]

1. d4 d5 2. c4 c6 3. Nc3 Nf6 4.
Nf3 e6 5. e3 Nbd7 6. Bd3 Bd6 7.
Qc2 dxc4 8. Bxc4 e5 9. O-O O-O 10. Rd1 Qe7 11. e4 Rd8 12. Ng5 Rf8 13. d5 Nb6 14.
Bb3 h6 15. Nf3 Bg4 16. Be3 cxd5 17. Bxd5 Nbxd5 18. Nxd5 Nxd5 19. Rxd5 Bxf3 20. gxf3 Rac8 21. Qd3 Bb8 22. Kh1 Rfd8 23. Rg1 Kh8 24. Rg3 b6 25. a3 Rd6 26. Qb5 Rcd8 27. Rxd6 Qxd6 28. Kg2 Qd7 29. Qb3 Bd6 30. a4 Kh7 31. Qc4 Rc8 32. Qd5 Qe7 33. b3 Bc5 34. f4 Bxe3 35. fxe3 Rd8 36. Qxe5 Qxe5 37. fxe5 Re8 38. Rf3 Rxe5 39. Rxf7 Rxe4 40.
Kf3 Rb4 41. Rxa7 Rxb3 42. h4 Kg6 43. Kf4 Rb4+ 44. e4 Kh5 45. Rxg7 Rxa4 46. Kf5 Kxh4 47. e5 Ra1 48. e6 b5 49. e7 Rf1+ 50. Kg6 Re1 51. Kf7 b4 52. Rg6 Rxe7+ 53. Kxe7 h5 54. Ke6 b3 55. Kf5 b2 56. Rb6 Kg3 57. Rb3+ 1-0

[Event "*** SCC Grand Prix: Titled Tuesday Blitz"]
[Site "Chess.com"]
[Date "2020.08.11"]
[Round "3"]
[White "nrvisakh"]
[Black "IANOV0007"]
[Result "1-0"]
[WhiteElo "2757"]
[BlackElo "2486"]
[TimeControl "180+1"]
[EndTime "10:30:41 PDT"]
[Termination "nrvisakh won on time"]

1. e4 d6 2. d4 Nf6 3. Nc3 c6 4. Be3 Qb6 5. Rb1 Ng4 6. Bc1 e5 7.
Nf3 Nd7 8. h3 Ngf6 9. Be3 Qc7 10. Bc4 Be7 11. a4 O-O 12. O-O b6 13. Re1 a6 14.
Bb3 h6 15. Nh4 Re8 16. Qf3 Nf8 17. Rbd1 Be6 18. Nf5 Bxb3 19. cxb3 Ng6 20. h4 b5 21. h5 Nf8 22. Bxh6 Ne6 23. Be3 Bf8 24. d5 cxd5 25. exd5 Nc5 26. Bxc5 Qxc5 27. h6 g6 28. Ng3 Nh7 29. Nge4 Qc7 30. axb5 f5 31. Nd2 Bxh6 32. Nc4 e4 33. Qg3 Qg7 34. Nxd6 Rf8 35. b6 Nf6 36. Nc4 Nh5 37. Qe5 Qf7 38. Qe6 Nf4 39. Qxf7+ Kxf7 40. d6 Rfd8 41. b7 Rab8 42. Ne5+ Ke6 43.
Nc6 Kd7 44. Nxb8+ Rxb8 45. Na4 Ne6 46. b4 Rxb7 47. Nc5+ Nxc5 48. bxc5 Bg5 49. Ra1 Rb5 50. b4 Rxb4 51. Rxa6 Rc4 52. Ra7+ Ke6 53. Rc7 Bf4 54.
Re7+ Kf6 55. Re8 Rxc5 56. d7 Bc7 57. d8=Q+ Bxd8 58. Rxd8 Rc2 59. Red1 Kg5 60. R8d2 Rc3 61. Re2 1-0

[Event "*** SCC Grand Prix: Titled Tuesday Blitz"]
[Site "Chess.com"]
[Date "2020.08.11"]
[Round "3"]
[White "AlexSuv"]
[Black "Kotofeyca"]
[Result "0-1"]
[WhiteElo "2495"]
[BlackElo "2303"]
[TimeControl "180+1"]
[EndTime "10:30:43 PDT"]
[Termination "Kotofeyca won by resignation"]

1. d4 d5 2. c4 c6 3. Nc3 Nf6 4. e3 a6 5. Nf3 Bg4 6. Be2 e6 7. O-O Nbd7 8. b3 Bd6 9. Bb2 Qe7 10. h3 Bh5 11. Rc1 O-O 12. Nd2 Bg6 13. f4 b5 14. Nf3 Ne4 15. Ne5 Nxc3 16. Bxc3 Nxe5 17. c5 Bxc5 18. dxc5 Nd7 19. b4 Be4 20. Bf3 Bxf3 21. Qxf3 Nf6 22. Qg3 Nh5 23. Qg4 g6 24.
Kh2 Ng7 25. Qf3 f6 26. g4 e5 27.
fxe5 fxe5 28. Qg3 Rxf1 29. Rxf1 Re8 30. Rf2 Qg5 31. h4 Qe7 32. Kh3 Qe6 33. Kh2 h5 34. gxh5 Nxh5 35. Qg5 Kg7 36. Rg2 Kh7 37. Rf2 Re7 38. Rf8 d4 39. exd4 exd4 40. Bxd4 Qxa2+ 41. Rf2 Re2 42. Kg1 Rxf2 43. Bxf2 Qb1+ 44. Kh2 Qf5 45.
Qe7+ Kg8 46. Bd4 Qf4+ 47. Kg2 Qxd4 48. Qe6+ Kg7 49. Qxc6 Nf4+ 50. Kf3 Nd5 51. Qd7+ Kf6 52. c6 Qe3+ 53. Kg4 Nf4 54. Qd6+ Kg7 55. Qxf4 Qe2+ 56.
Qf3 Qe6+ 57. Kg3 Qe5+ 58. Kg2 Qb2+ 59. Kh3 Qxb4 60. c7 Qc4 61. Qb7 Qd3+ 62. Kg2 Qe2+ 63. Kg3 Qe1+ 64. Kf3 Qh1+ 0-1

[Event "*** SCC Grand Prix: Titled Tuesday Blitz"]
[Site "Chess.com"]
[Date "2020.08.11"]
[Round "3"]
[White "Vsevolod_Ovchinnikov"]
[Black "kuban1991"]
[Result "1/2-1/2"]
[WhiteElo "2446"]
[BlackElo "2730"]
[TimeControl "180+1"]
[EndTime "10:30:45 PDT"]
[Termination "Game drawn by repetition"]

1. d4 g6 2. c4 Bg7 3. Nf3 c5 4. d5 d6 5. e4 Nf6 6. Nc3 O-O 7. Be2 Na6 8. O-O Nc7 9. a4 Rb8 10. Nd2 a6 11. a5 b5 12. axb6 Rxb6 13. Qc2 e6 14. b3 exd5 15. cxd5 Nb5 16. Nxb5 axb5 17.
Bb2 Re8 18. Bd3 Nd7 19. Bxg7 Kxg7 20. Ra5 Ne5 21. Bxb5 Re7 22. Rfa1 Reb7 23. Bf1 Qf6 24. Qc3 Bg4 25. Rc1 h5 26. h3 Bd7 27. Qe3 g5 28. Be2 h4 29. Rf1 Qf4 30. Qxf4 gxf4 31. Rfa1 Kf6 32.
Ra6 Rxa6 33. Rxa6 Ke7 34. Ra5 f5 35. f3 fxe4 36. fxe4 Rb4 37. Kf2 Be8 38. Ra7+ Kf6 39. Rh7 Kg5 40. Rh8 Bg6 41. Rd8 Nf7 42. Rg8 Kf6 43. Bc4 Ne5 44. Rf8+ Kg5 45. Nf3+ Nxf3 46. gxf3 Rb7 47. Ra8 Rb6 48. Ra7 Kf6 49. Ke2 Be8 50. Rh7 Kg5 51. Rh8 Bd7 52. Rg8+ Kf6 53. Rh8 Kg5 54.
Rg8+ Kf6 55. Rh8 Kg5 1/2-1/2

[Event "*** SCC Grand Prix: Titled Tuesday Blitz"]
[Site "Chess.com"]
[Date "2020.08.11"]
[Round "3"]
[White "elegant285"]
[Black "TioCridineno"]
[Result "0-1"]
[WhiteElo "2377"]
[BlackElo "2206"]
[TimeControl "180+1"]
[EndTime "10:30:45 PDT"]
[Termination "TioCridineno won by checkmate"]

1. d4 Nf6 2. c4 g6 3. Nc3 Bg7 4. e4 d6 5. Be2 O-O 6. Bg5 Na6 7. Nf3 c5 8. d5 Nc7 9. O-O e6 10. Qd2 e5 11. Rab1 b6 12. a3 Bd7 13. b4 Na6 14. Ne1 Qc7 15. f3 h5 16. Be3 Kh7 17. Nb5 Qb8 18. bxc5 Nxc5 19. Bxc5 dxc5 20. Nc2 Ne8 21. Ne3 Bh6 22. Qc3 f6 23. Rfd1 Nd6 24. Nxd6 Qxd6 25.
Kh1 Ba4 26. Re1 Rab8 27. Bd1 Bd7 28. Bc2 Kg7 29. a4 h4 30. a5 Bf4 31. axb6 axb6 32.
Ra1 Ra8 33. Reb1 Bg5 34. Nf1 Qc7 35. Qb2 Rxa1 36. Rxa1 Rb8 37. Ba4 b5 38. Bxb5 Bxb5 39. cxb5 Qb6 40. Rb1 c4 41. Qc2 Qc5 42. b6 c3 43. b7 Kh6 44. Rb3 Qd4 45. Rxc3 Rxb7 46. Rc4 Qa1 47. Qe2 Rb1 48. Kg1 Bf4 49. g3 Be3+ 50. Qxe3+ g5 51. Qe2 hxg3 52. hxg3 Re1 53. Qh2+ Kg6 54. Qf2 Qd1 55. Rc6 Re2 56. Qc5 Re1 57.
Rc8 Rxf1+ 58. Kg2 Qe2+ 59. Kh3 Rh1+ 60. Kg4 Rh4+ 61. gxh4 Qg2# 0-1

[Event "*** SCC Grand Prix: Titled Tuesday Blitz"]
[Site "Chess.com"]
[Date "2020.08.11"]
[Round "3"]
[White "johnathan113"]
[Black "PlotnikovPavel"]
[Result "1-0"]
[WhiteElo "2693"]
[BlackElo "2424"]
[TimeControl "180+1"]
[EndTime "10:30:46 PDT"]
[Termination "johnathan113 won on time"]

1. d4 e6 2. Nc3 d5 3. e4 Nf6 4. Bg5 Be7 5. e5 Nfd7 6. Bxe7 Qxe7 7. f4 O-O 8. Nf3 c5 9. dxc5 Qxc5 10. Bd3 Qe3+ 11.
Ne2 f6 12. exf6 Nxf6 13. Qd2 Qxd2+ 14. Kxd2 Nc6 15. Ned4 Bd7 16. Rae1 Rae8 17. c3 a6 18. Re2 Re7 19. Rhe1 Rfe8 20. Nb3 Bc8 21. Nc5 Nd8 22. Nd4 Kf7 23. Bc2 b6 24. Nd3 Kf8 25. Ne5 Nf7 26.
Nef3 Nd6 27. Ng5 e5 28. Nc6 Nc4+ 29. Kc1 e4 30. Nxe7 Rxe7 31. b3 Nd6 32. Rd2 h6 33.
Nh3 Bxh3 34. gxh3 Nf5 35. a4 a5 36. Kb2 Nh4 37. Bd1 Nf5 38. Bg4 Nh4 39. c4 Nxg4 40.
Rxd5 Nf3 41. Re2 Ngxh2 42. Rd6 Nf1 43. Rxb6 Ng3 44. Re3 Nf5 45. Re2 e3 46. b4 axb4 47.
a5 N5d4 48. Rxe3 Rxe3 49. a6 Rb3+ 50. Kc1 Ra3 51. c5 b3 52. c6 Ra1+ 53. Kb2 Ra2+ 54. Kc3 Ne6 55. f5 Rc2+ 56. Kxb3 Nfd4+ 57. Ka3 Nc5 58. a7 Rc3+ 59. Kb4 Nxc6+ 60. Rxc6 Nd3+ 61.
Kxc3 1-0

[Event "*** SCC Grand Prix: Titled Tuesday Blitz"]
[Site "Chess.com"]
[Date "2020.08.11"]
[Round "3"]
[White "Shahinyan_ChessMood"]
[Black "hansen"]
[Result "1/2-1/2"]
[WhiteElo "2691"]
[BlackElo "2929"]
[TimeControl "180+1"]
[EndTime "10:30:48 PDT"]
[Termination "Game drawn by stalemate"]

1. e4 c5 2. Nc3 e6 3. g3 Nc6 4. Bg2 d6 5. d3 g6 6. Be3 Bg7 7. Qd2 Nd4 8. Nd1 b5 9. c3 Nc6 10. Ne2 b4 11. O-O bxc3 12. bxc3 Rb8 13. h3 Nge7 14. Bh6 O-O 15. Bxg7 Kxg7 16. Ne3 Ba6 17.
f4 f5 18. exf5 exf5 19. g4 Qd7 20. Ng3 d5 21. Kh2 d4 22. cxd4 Qxd4 23. Rac1 Rb2 24. Rc2 Rxc2 25. Nxc2 Qxd3 26. Qc1 Qd6 27. Rd1 Nd4 28.
Qa3 Rd8 29. gxf5 Nexf5 30. Nxf5+ gxf5 31. Nxd4 cxd4 32. Qg3+ Kh8 33. Qg5 Be2 34. Rg1 Rg8 35. Qxf5 Rf8 36. Qd5 Qxf4+ 37. Kh1 d3 38. Be4 Bf3+ 39.
Bxf3 Qxf3+ 40. Qxf3 Rxf3 41. Kg2 Re3 42. Rd1 Kg7 43. a4 Kf6 44. Rb1 d2 45. Rd1 Rd3 46.
Kf2 Kf5 47. Ke2 Ke4 48. Rf1 d1=Q+ 49. Rxd1 Rxd1 50. Kxd1 Kf3 51. Kd2 Kg3 52. Ke3 Kxh3 53.
Kf4 h5 54. Kf3 h4 55. a5 a6 56. Kf2 Kg4 57. Kg2 Kf4 58. Kh3 Ke4 59. Kxh4 Kd4 60. Kg3 Kc4 61. Kf2 Kb4 62. Ke1 Kxa5 63. Kd1 Kb4 64. Kc1 Ka3 65. Kb1 Kb3 66. Ka1 a5 67. Kb1 a4 68. Ka1 a3 69. Kb1 a2+ 70. Ka1 Ka3 1/2-1/2

[Event "*** SCC Grand Prix: Titled Tuesday Blitz"]
[Site "Chess.com"]
[Date "2020.08.11"]
[Round "3"]
[White "Steven_Rojas"]
[Black "pheonixking2000"]
[Result "1-0"]
[WhiteElo "2452"]
[BlackElo "2721"]
[TimeControl "180+1"]
[EndTime "10:30:49 PDT"]
[Termination "Steven_Rojas won by resignation"]

1. c4 e5 2. Nc3 Nf6 3. Nf3 Nc6 4. e3 Bb4 5. Qc2 Bxc3 6. Qxc3 Qe7 7. d4 Ne4 8. Qd3 exd4 9. Nxd4 Qb4+ 10. Bd2 Nxd2 11.
Qxd2 Nxd4 12. exd4 Qxd2+ 13. Kxd2 d6 14. Be2 Bf5 15.
Bf3 c6 16. h4 h6 17. h5 Kd7 18. Rh4 f6 19. Rf4 Be6 20. d5 cxd5 21. cxd5 Bf7 22.
Rc1 Rhe8 23. Rg4 Rg8 24. Rgc4 Rab8 25. Rc7+ Ke8 26. Re1+ Kf8 27. Ree7 Be8 28. Rxb7 Rxb7 29. Rxb7 a5 30. g4 g6 31. hxg6 Rxg6 32. Rh7 Kg8 33. Re7 Kf8 34. Re6 Bd7 35. Rxd6 Ke7 36. Ra6 Bxg4 37.
Be4 Rg5 38. Rxa5 h5 39. Ke3 h4 40. Ra7+ Kd6 41. Rh7 h3 42. a4 Bc8 43. a5 Rg1 44. b4 Ra1 45. Kd4 Rd1+ 46. Kc4 Rc1+ 47. Kb5 Re1 48. f3 f5 49. Bd3 Re3 50. Bc4 Rxf3 51. a6 f4 52. a7 Ra3 53. Kb6 Ra4 54. Bb5 Ra1 55. Rh8 Bg4 56. Rd8+ Ke5 57. a8=Q Rxa8 58.
Rxa8 f3 59. Rh8 f2 60. Kc5 Bf3 61. Rxh3 Bg2 62. Re3+ Kf4 63. Re8 f1=Q 64. Bxf1 1-0

[Event "*** SCC Grand Prix: Titled Tuesday Blitz"]
[Site "Chess.com"]
[Date "2020.08.11"]
[Round "3"]
[White "Jovidon91"]
[Black "serena-maria"]
[Result "0-1"]
[WhiteElo "2437"]
[BlackElo "2281"]
[TimeControl "180+1"]
[EndTime "10:30:50 PDT"]
[Termination "serena-maria won by resignation"]

1. d4 Nf6 2. c4 g6 3. Nf3 Bg7 4. Nc3 d5 5. Bf4 O-O 6. e3 c5 7. dxc5 Qa5 8. Be5 dxc4 9. Bxc4 Qxc5 10. Bb3 Bg4 11. Bd4 Qh5 12. Nd5 Nxd5 13. Bxg7 Nxe3 14.
fxe3 Bxf3 15. Qd4 Nc6 16. Qc3 Bxg2 17. Bxf8 Qh4+ 18. Kd2 Qf2+ 19. Kc1 Rxf8 20. Rd1 Bh3 21. Qd2 Qf6 22. Qc3 Ne5 23. Bc2 Rc8 24. Qd4 Qf2 25.
Qd2 Qf6 26. Kb1 Nc4 27. Qc3 Qb6 28. Qd4 Qc7 29. Bb3 Nd6 30. e4 Bg2 31. a3 Bxe4+ 32. Ka2 Qb6 33. Qxb6 axb6 34. Rac1 Rxc1 35. Rxc1 Bc6 36.
Re1 e6 37. Bc2 f5 38. b4 Kf7 39. Kb2 Bd5 40. Kc3 b5 41. Bd3 Nc4 42. Kd4 Nxa3 43. Kc5 Nc4 44. Bxc4 Bxc4 45. Kd6 Kf6 46. Re3 g5 47.
Rh3 h6 48. Rxh6+ Kg7 49. Rh3 g4 50. Re3 Kf6 51. Rc3 f4 52. Kc5 f3 53. Kd4 f2 54.
Rc1 f1=Q 55. Rxf1+ Bxf1 56. Ke3 Bc4 57. Kf2 Ke5 58.
Kg3 Kd4 59. Kxg4 Kc3 60. Kf4 Kxb4 61. Ke5 Kc3 62. h4 Bd3 63. h5 b4 64. h6 b3 65.
Kxe6 b2 66. h7 Bxh7 0-1